Map: Romanticide LE

Players

LiquidClem (Clem) - Winner!

  • Race: Terran Terran
  • League: Grandmaster
  • Spawn Location: 11:00

GunGFuBanDa

  • Race: Protoss Protoss
  • League: Grandmaster
  • Spawn Location: 5:00

Event: DreamHack SC2 Masters 2020 Winter

VOD

Have the link to the VOD?

Description

Time

  • Played on: Nov. 1, 2020, 11:30 a.m.
  • Length: 7:31

All games in this series

Show
View Real Time Build Order
Export as new Build Order

LiquidClem Terran - Winner!

Build Orders: Reaper Expand 

Get SALT Encoding   

  12  0:00  SCV  
  13  0:12  SCV  
  14  0:17  Supply Depot  
  14  0:24  SCV  
  15  0:38  SCV  
  15  0:39  Barracks  
  16  0:44  Refinery  
  16  0:50  SCV  
  17  1:02  SCV  
  18  1:15  SCV  
  19  1:27  Orbital Command, Reaper  
  20  1:40  Command Center  
  20  1:52  Supply Depot, SCV  
  21  1:58  Marine  
  22  2:04  SCV  
  22  2:08  Factory  
  23  2:17  SCV  
  23  2:18  Bunker  
  23  2:21  Marine  
  25  2:27  Refinery  
  25  2:29  SCV  
  26  2:39  Barracks Reactor  
  26  2:41  SCV  
  27  2:51  Orbital Command  
  27  2:53  SCV  
  27  2:58  Hellion  
  30  2:59  Starport  
  30  3:06  SCV  
  31  3:17  Marine x2, SCV  
  31  3:18  SCV  
  31  3:19  Supply Depot  
  35  3:21  Factory Tech Lab  
  35  3:29  SCV  
  35  3:31  SCV  
  37  3:34  Marine  
  37  3:35  Marine  
  39  3:41  SCV  
  39  3:43  SCV  
  39  3:44  Raven  
  39  3:46  Factory Tech Lab  
  42  3:51  Barracks  
  42  3:52  Marine x2  
  43  3:55  SCV x2  
  43  3:56  Barracks  
  44  4:04  Siege Tank, Supply Depot  
  44  4:08  SCV x2  
  49  4:10  Marine  
  49  4:11  Marine  
  49  4:16  Engineering Bay  
  51  4:19  Refinery  
  51  4:21  SCV x2  
  53  4:27  Supply Depot  
  53  4:28  Marine  
  53  4:29  Marine  
  55  4:33  SCV x2  
  55  4:37  Siege Tank  
  60  4:44  Barracks Tech Lab  
  60  4:45  SCV x2  
  62  4:48  Supply Depot  
  62  4:49  Marine x2  
  62  4:51  Marauder  
  65  4:53  Stimpack  
  65  4:57  SCV x2  
  67  5:03  Marauder, Refinery  
  67  5:07  Marine  
  69  5:08  Terran Infantry Weapons Level 1  
  69  5:10  Marine  
  69  5:11  Supply Depot  
  73  5:14  Marauder  
  73  5:17  SCV x2  
  73  5:20  Supply Depot  
  75  5:25  Starport Reactor  
  75  5:26  Marine  
  75  5:27  Marine x2  
  75  5:28  Combat Shield  
  78  5:33  SCV x2, Supply Depot  
  80  5:37  Marauder  
  80  5:42  Supply Depot  
  82  5:45  Marauder  
  82  5:47  Siege Tank  
  87  5:50  Marine x2  
  87  5:54  Supply Depot  
  87  5:56  Supply Depot  
  89  5:59  Marauder  
  89  6:03  Medivac  
  93  6:06  Marauder  
  93  6:08  Marine x2  
  93  6:09  Medivac  
  99  6:12  Missile Turret  
  99  6:21  Marauder  
  99  6:22  Siege Tank  
  99  6:23  Supply Depot  
  104  6:27  Marine x2  
  104  6:29  Marauder  
  107  6:32  SCV  
  107  6:33  SCV  
  107  6:36  Medivac  
  109  6:44  Command Center  
  109  6:47  Marine x2  
  109  6:49  Marauder  
  109  6:52  Medivac  
  115  6:55  Marauder  
  117  7:02  Supply Depot  
  117  7:07  Marine  
  117  7:08  Marine  
  107  7:18  Barracks  
  107  7:20  Barracks  
Show
View Real Time Build Order
Export as new Build Order

GunGFuBanDa Protoss 

Build Orders: 1 Gate Expand, Blink Stalkers, Colossus Rush 

Get SALT Encoding   

  12  0:00  Probe  
  13  0:13  Probe  
  14  0:17  Pylon  
  14  0:25  Probe (Chrono Boost)  
  15  0:36  Gateway  
  15  0:37  Probe (Chrono Boost)  
  16  0:43  Probe (Chrono Boost)  
  16  0:45  Assimilator  
  17  0:51  Probe  
  18  1:03  Probe  
  19  1:15  Probe  
  20  1:26  Cybernetics Core  
  20  1:34  Nexus  
  20  1:35  Probe  
  21  1:47  Pylon, Probe  
  21  1:50  Assimilator  
  23  2:01  Probe  
  23  2:04  Adept (Chrono Boost)  
  23  2:07  Warp Gate  
  25  2:13  Probe  
  26  2:25  Probe  
  26  2:26  Stalker (Chrono Boost)  
  29  2:39  Probe (Chrono Boost)  
  30  2:45  Probe (Chrono Boost)  
  32  2:52  Stalker (Chrono Boost)  
  32  2:55  Probe x2 (Chrono Boost)  
  35  2:59  Twilight Council  
  35  3:00  Probe (Chrono Boost)  
  35  3:03  Probe (Chrono Boost)  
  37  3:07  Pylon  
  37  3:12  Probe (Chrono Boost)  
  39  3:20  Probe (Chrono Boost)  
  39  3:21  Stalker, Probe (Chrono Boost)  
  39  3:26  Probe x2  
  43  3:29  Gateway  
  44  3:36  Robotics Facility  
  44  3:38  Probe  
  44  3:44  Blink  
  43  3:54  Probe (Chrono Boost)  
  44  3:59  Probe (Chrono Boost)  
  45  4:03  Assimilator, Probe (Chrono Boost)  
  45  4:04  Assimilator  
  45  4:07  Pylon, Probe (Chrono Boost), Sentry  
  45  4:08  Probe (Chrono Boost)  
  49  4:20  Probe (Chrono Boost)  
  49  4:22  Pylon  
  49  4:24  Probe (Chrono Boost)  
  51  4:25  Observer  
  51  4:26  Probe (Chrono Boost)  
  51  4:30  Probe  
  54  4:35  Gateway x2  
  54  4:36  Probe  
  55  4:42  Probe  
  56  4:46  Robotics Bay  
  56  4:52  Nexus  
  56  4:57  Observer  
  56  4:59  Stalker  
  59  5:00  Stalker  
  59  5:03  Pylon  
  59  5:07  Probe x2  
  63  5:23  Probe x2 (Chrono Boost)  
  63  5:26  Pylon  
  65  5:29  Colossus (Chrono Boost)  
  65  5:32  Probe (Chrono Boost)  
  65  5:33  Extended Thermal Lance, Probe (Chrono Boost)  
  73  5:37  Probe (Chrono Boost)  
  73  5:41  Probe  
  75  5:43  Charge (Chrono Boost)  
  75  5:49  Gateway  
  75  5:50  Gateway  
  75  5:54  Gateway  
  75  5:56  Probe  
  77  5:59  Gateway  
  76  6:04  Stalker  
  76  6:05  Stalker  
  76  6:10  Probe x2  
  76  6:11  Probe  
  83  6:14  Shield Battery  
  83  6:16  Colossus (Chrono Boost)  
  89  6:34  Zealot x4  
  89  6:35  Probe  
  89  6:38  Probe x2  
  100  6:40  Pylon  
  100  6:41  Pylon  
  99  6:54  Pylon  
  97  6:55  Pylon  
  97  7:00  Probe  
  96  7:02  Stalker x3  
  90  7:17  Zealot x5  
Tags
 
Add a new tag
Caveats
  • Supply blocks, unpowered buildings, or Contaminate may cause inaccurate times.
  • Supply counts are checked every 10 seconds.